Map: Purity and Industry LE

Players

antagomiR

  • Race: Protoss Protoss
  • League: Gold
  • Spawn Location: 3:00

Leon - Winner!

  • Race: Terran Terran
  • League: Gold
  • Spawn Location: 12:00

VOD

Have the link to the VOD?

Description

Time

  • Played on: April 18, 2020, 2:40 p.m.
  • Length: 11:51
Show
View Real Time Build Order
Export as new Build Order

antagomiR Protoss 

Build Orders:  

Get SALT Encoding   

  12  0:01  Probe  
  13  0:13  Probe  
  14  0:18  Pylon  
  14  0:25  Probe  
  15  0:39  Gateway  
  15  0:43  Probe (Chrono Boost)  
  16  0:53  Probe (Chrono Boost)  
  17  0:57  Assimilator  
  17  0:58  Probe (Chrono Boost)  
  18  1:09  Probe, Assimilator  
  19  1:22  Probe  
  20  1:27  Cybernetics Core  
  20  1:34  Probe  
  20  1:39  Pylon  
  21  1:46  Probe  
  22  1:58  Probe  
  23  2:03  Warp Gate (Chrono Boost)  
  23  2:05  Robotics Facility  
  23  2:10  Probe  
  23  2:12  Stalker  
  26  2:22  Probe  
  27  2:34  Probe  
  27  2:37  Nexus  
  28  2:41  Pylon  
  28  2:46  Probe  
  28  2:58  Probe  
  28  3:00  Stalker  
  28  3:03  Observer  
  32  3:13  Probe  
  33  3:22  Gateway  
  33  3:24  Gateway, Observer  
  33  3:26  Probe  
  35  3:38  Probe  
  36  3:54  Pylon  
  36  3:55  Immortal, Pylon  
  40  3:58  Pylon  
  40  4:11  Stalker  
  42  4:28  Probe  
  43  4:31  Probe  
  43  4:34  Pylon  
  43  4:36  Stalker, Sentry  
  48  4:41  Probe  
  48  4:44  Probe  
  50  4:50  Immortal  
  54  4:53  Probe  
  54  4:56  Probe  
  56  5:05  Probe  
  57  5:08  Probe  
  58  5:21  Probe x2  
  60  5:29  Stalker x2  
  60  5:33  Probe x2  
  58  5:49  Pylon  
  52  6:18  Probe x2  
  52  6:30  Probe, Immortal, Forge  
  57  6:34  Assimilator  
  57  6:36  Assimilator  
  57  6:40  Zealot x3  
  63  6:52  Probe x2  
  65  7:00  Protoss Ground Weapons Level 1 (Chrono Boost)  
  65  7:03  Colossus  
  65  7:04  Probe x2  
  67  7:11  Photon Cannon  
  67  7:16  Probe  
  67  7:18  Photon Cannon  
  67  7:21  Photon Cannon  
  68  7:23  Stalker  
  68  7:24  Stalker, Photon Cannon  
  68  7:28  Photon Cannon  
  71  7:31  Shield Battery  
  71  7:49  Twilight Council  
  71  7:50  Probe x2  
  73  8:00  Zealot x2  
  73  8:02  Probe  
  73  8:03  Probe  
  79  8:11  Nexus  
  79  8:14  Sentry  
  79  8:17  Probe x2  
  83  8:21  Pylon  
  83  8:25  Pylon  
  83  8:28  Immortal  
  83  8:29  Probe x2  
  89  8:38  Templar Archives  
  89  8:42  Pylon  
  89  8:43  Probe x2  
  90  8:49  Stalker  
  90  8:52  Sentry  
  90  8:54  Sentry  
  96  8:55  Probe x2  
  98  9:08  Observer  
  99  9:32  Charge (Chrono Boost), Zealot x3  
  105  9:55  Gateway  
  105  9:57  Gateway  
  105  9:59  Gateway  
  105  10:06  Gateway  
  100  10:08  Gateway  
  100  10:10  Gateway  
  100  10:11  Stalker x2, Zealot  
  50  10:32  Zealot  
  51  10:38  Shield Battery  
  51  10:40  Shield Battery  
  51  10:45  Sentry x2  
  55  10:55  Stalker  
  55  10:56  Stalker  
  59  11:05  Immortal (Chrono Boost), Stalker x2  
  67  11:17  Stalker  
  67  11:18  Stalker  
  50  11:38  Stalker x2  
  50  11:39  Stalker  
Show
View Real Time Build Order
Export as new Build Order

Leon Terran - Winner!

Build Orders:  

Get SALT Encoding   

  12  0:01  SCV  
  13  0:13  SCV  
  14  0:19  Supply Depot  
  14  0:25  SCV  
  15  0:41  SCV  
  16  0:43  Barracks  
  16  0:53  SCV  
  16  0:54  Refinery  
  17  1:05  SCV  
  19  1:18  SCV  
  19  1:30  SCV  
  20  1:35  Command Center  
  20  1:46  Supply Depot  
  20  1:47  Reaper  
  21  2:03  Orbital Command  
  21  2:09  Refinery  
  21  2:18  Bunker  
  21  2:19  Marine  
  22  2:37  Factory  
  22  2:39  SCV  
  23  2:47  Marine  
  23  2:48  SCV  
  25  2:51  SCV  
  25  3:04  Orbital Command  
  25  3:05  Barracks Reactor  
  25  3:07  SCV  
  26  3:19  SCV  
  27  3:23  Starport  
  27  3:24  Widow Mine  
  29  3:32  SCV x2  
  31  3:42  Supply Depot  
  31  3:43  Marine x2  
  31  3:44  SCV  
  31  3:45  Widow Mine  
  31  3:47  SCV  
  37  3:56  SCV  
  37  3:59  SCV  
  37  4:01  Marine x2  
  41  4:03  Medivac  
  41  4:05  Barracks  
  41  4:07  Widow Mine  
  41  4:08  SCV  
  46  4:12  SCV, Barracks  
  47  4:19  Marine x2  
  47  4:20  SCV  
  50  4:24  SCV  
  50  4:27  Supply Depot  
  51  4:33  SCV  
  51  4:34  Supply Depot, Widow Mine  
  54  4:48  SCV x2, Marine x2  
  58  4:57  Engineering Bay  
  57  5:00  SCV x2  
  57  5:05  Starport Tech Lab, Factory Tech Lab  
  59  5:10  Marine  
  59  5:11  Marine  
  61  5:18  SCV  
  61  5:19  Supply Depot  
  62  5:38  Raven  
  62  5:39  Siege Tank  
  62  5:40  Marine x2  
  62  5:41  Marine x2  
  62  5:42  SCV x2  
  73  5:48  Refinery x2  
  73  5:49  Supply Depot  
  73  5:56  Terran Infantry Weapons Level 1  
  73  6:23  SCV  
  74  6:29  Stimpack  
  66  6:36  Marine  
  67  6:42  Factory Reactor  
  67  6:53  Starport Reactor  
  67  6:54  Marauder  
  67  6:55  Combat Shield, Marauder  
  67  6:57  Marine x2  
  67  6:59  SCV x2  
  75  7:02  Supply Depot  
  75  7:12  Command Center  
  75  7:13  Barracks  
  75  7:15  Barracks  
  75  7:25  Marine x2  
  75  7:26  Marauder  
  75  7:27  Marauder  
  81  7:32  Supply Depot  
  81  7:41  Medivac x2  
  81  7:43  Marine x2  
  87  7:46  Widow Mine  
  87  7:47  Widow Mine  
  87  7:48  Marauder  
  87  7:49  Supply Depot  
  93  7:54  Marauder  
  93  7:55  Armory  
  95  8:04  Terran Infantry Armor Level 1  
  95  8:10  Barracks Tech Lab  
  95  8:11  Barracks Tech Lab  
  95  8:12  Marauder, Missile Turret  
  97  8:15  Marauder  
  99  8:24  Medivac x2, Marine  
  99  8:25  Marine  
  105  8:31  Orbital Command  
  105  8:34  SCV x2  
  107  8:52  Orbital Command  
  107  8:53  Terran Vehicle And Ship Armor Level 1  
  107  8:54  Medivac x2  
  111  8:57  Engineering Bay  
  108  9:33  Marauder  
  108  9:34  Marauder  
  112  9:39  Factory  
  112  9:44  Medivac x2  
  112  9:45  Marine x2  
  118  9:49  SCV x3  
  121  9:59  Supply Depot  
  110  10:20  Marine x2  
  110  10:21  Marine  
  108  10:30  Siege Tank  
  108  10:31  Liberator x2  
  113  10:44  Marine x3  
  113  10:45  Marauder x3  
  122  11:02  Siege Tank  
  122  11:03  Marine x2  
  127  11:06  Marauder x2  
  127  11:08  Supply Depot  
  127  11:09  SCV x2  
  133  11:20  SCV  
  129  11:32  Marine  
  135  11:41  Barracks  
Tags
 
League
GoldGold
Matchup
PvT
Replay Pack
20200422
Spawn Locations
Close Positions
Add a new tag
Caveats
  • Supply blocks, unpowered buildings, or Contaminate may cause inaccurate times.
  • Supply counts are checked every 10 seconds.